AoeStats
← PNAL | Bebeganzo

Arena

509978148Analyzed
4v4 RM · 3d ago on Sep 28, 2026· 55m 27s· 8 players
Game mode
Random Map
Map size
Large (8 player)
Population
200
Speed
Normal
Resources
Standard
Victory
Conquest
Starting age
Dark Age
Ending age
Imperial Age
RankedLock teamsTeams togetherTeam positionsShared explorationLock speedFull tech treeHidden civsTurbo modeCheats
Victory
Defeat
🇨🇴 Italians · Colombia
1338
+14
🇫🇷 Khmer · France
1309
+15
🇨🇴 Turks · Colombia
1296
+16
🇩🇪 Italians · Germany
1266
+17
🇨🇱 Khmer · Chile
1366
-18
🇦🇷 Persians · Argentina
1360
-17
🇺🇾 Spanish · Uruguay
1346
-18
🇦🇷 Britons · Argentina
1116
-9
Birkules
8:07 Loom
9:55 Feudal Age
15:56 Castle Age
14:41 Double-Bit Axe
16:18 Fletching
17:17 Horse Collar
20:47 Bow Saw
21:37 Bodkin Arrow
23:30 Padded Archer Armor
30:11 Imperial Age
28:19 Heavy Plow
29:45 Leather Archer Armor
30:37 Ballistics
30:23 Gold Mining
31:13 Wheelbarrow
31:56 Chemistry
32:44 Ring Archer Armor
33:48 Bracer
34:29 Hand Cart
34:46 Crop Rotation
36:55 Stone Mining
37:26 Heated Shot
37:17 Treadmill Crane
37:48 Masonry
37:18 Onager
38:59 Bombard Tower
39:25 Stone Shaft Mining
38:13 Elite Genoese Crossbowman
39:14 Conscription
40:17 Pirotechnia
43:00 Two-Man Saw
44:59 Husbandry
45:10 Bloodlines
44:21 Light Cavalry
46:36 Hussar
48:23 Caravan
49:14 Hoardings
52:06 Bracer
52:17 Forging
52:13 Scale Barding Armor
54:29 Iron Casting
53:56 Scale Mail Armor
56:12 Redemption
56:23 Sanctity
56:04 Devotion
nicorafalestou
10:29 Feudal Age
14:52 Castle Age
12:51 Horse Collar
13:13 Loom
13:19 Double-Bit Axe
17:12 Wheelbarrow
16:58 Bow Saw
17:44 Heavy Plow
22:44 Bloodlines
24:50 Hand Cart
28:14 Imperial Age
25:41 Gold Mining
25:44 Stone Mining
26:26 Town Watch
28:00 Gold Shaft Mining
27:34 Scale Barding Armor
27:40 Forging
27:48 Husbandry
28:40 Stone Shaft Mining
29:31 Crop Rotation
28:26 Cavalier
29:45 Chain Barding Armor
30:27 Iron Casting
31:58 Plate Barding Armor
33:20 Blast Furnace
32:10 Fletching
32:54 Conscription
33:53 Town Patrol
34:19 Double Crossbow
34:17 Elite Ballista Elephant
35:13 Masonry
34:59 Murder Holes
35:36 Ballistics
36:22 Chemistry
36:25 Hoardings
38:22 Devotion
39:22 Bodkin Arrow
40:04 Light Cavalry
41:03 Hussar
44:09 Architecture
43:46 Siege Engineers
44:22 Tusk Swords
45:37 Bracer
49:31 Elite Battle Elephant
51:16 Faith
SantiGz
10:35 Feudal Age
14:20 Castle Age
12:36 Double-Bit Axe
13:08 Horse Collar
22:48 Loom
27:27 Wheelbarrow
27:03 Bow Saw
26:54 Heavy Plow
30:33 Imperial Age
29:31 Gold Mining
29:31 Stone Mining
30:18 Scale Barding Armor
31:46 Chain Barding Armor
31:54 Bloodlines
32:04 Forging
31:26 Heavy Camel Rider
32:23 Husbandry
33:15 Plate Barding Armor
34:08 Iron Casting
34:31 Gold Shaft Mining
35:35 Hand Cart
39:23 Blast Furnace
38:56 Conscription
41:24 Artillery
44:51 Padded Archer Armor
47:38 Bombard Tower
jomanuel28
10:14 Feudal Age
11:18 Loom
14:43 Castle Age
13:30 Horse Collar
13:38 Double-Bit Axe
16:27 Fletching
20:16 Bodkin Arrow
28:23 Ballistics
33:43 Imperial Age
32:52 Wheelbarrow
32:30 Bow Saw
35:14 Bracer
36:23 Chemistry
36:47 Padded Archer Armor
38:29 Gold Mining
38:29 Stone Mining
39:01 Leather Archer Armor
43:23 Hand Cart
42:54 Town Watch
44:27 Conscription
48:10 Thumb Ring
48:07 Elite Genoese Crossbowman
48:59 Squires
48:44 Arson
51:25 Scale Mail Armor
51:35 Forging
PNAL | Lipe
9:47 Feudal Age
14:06 Castle Age
12:29 Double-Bit Axe
13:10 Horse Collar
15:28 Loom
16:41 Gold Mining
23:06 Fletching
29:06 Imperial Age
27:18 Bodkin Arrow
27:23 Padded Archer Armor
28:34 Stone Mining
29:56 Wheelbarrow
31:21 Town Watch
33:01 Conscription
33:43 Elite Skirmisher
34:26 Padded Archer Armor
34:27 Bracer
35:36 Elite Skirmisher
39:24 Leather Archer Armor
41:09 Pikeman
41:52 Scale Mail Armor
42:25 Ring Archer Armor
42:53 Town Watch
47:41 Sanctity
52:07 Redemption
52:07 Fervor
PNAL | Bebeganzo
11:17 Feudal Age
15:39 Castle Age
13:55 Double-Bit Axe
14:41 Horse Collar
14:53 Gold Mining
16:28 Wheelbarrow
16:43 Bow Saw
16:37 Heavy Plow
29:24 Imperial Age
26:54 Fletching
26:53 Town Watch
27:44 Hand Cart
27:48 Bodkin Arrow
28:25 Padded Archer Armor
28:34 Stone Mining
29:03 Loom
29:51 Ballistics
31:10 Chemistry
30:17 Bracer
30:34 Leather Archer Armor
30:42 Conscription
30:12 Treadmill Crane
30:43 Masonry
32:02 Two-Man Saw
32:23 Ring Archer Armor
32:37 Yeomen
31:56 Crossbowman
32:33 Arbalester
36:01 Architecture
54:01 Coinage
rama xstar
10:46 Feudal Age
11:27 Loom
11:50 Town Watch
14:45 Castle Age
12:40 Double-Bit Axe
15:44 Bow Saw
18:36 Horse Collar
22:02 Padded Archer Armor
28:28 Imperial Age
27:58 Wheelbarrow
28:07 Heavy Plow
30:25 Chemistry
31:47 Gold Mining
32:57 Leather Archer Armor
33:07 Conscription
33:57 Stone Mining
36:14 Ring Archer Armor
36:52 Herbal Medicine
37:53 Elite Conquistador
40:37 Masonry
41:04 Hoardings
42:09 Scale Barding Armor
42:14 Forging
43:50 Cavalier
44:40 Bloodlines
44:30 Husbandry
44:41 Bloodlines
45:17 Chain Barding Armor
45:33 Iron Casting
47:22 Hand Cart
47:09 Town Patrol
47:24 Hand Cart
48:13 Hand Cart
48:07 Paladin
49:28 Plate Barding Armor
54:01 Light Cavalry
55:42 Blast Furnace
PNAL | El Chill de Cojones
9:37 Feudal Age
9:51 Feudal Age
14:48 Castle Age
13:18 Double-Bit Axe
14:51 Scale Barding Armor
19:02 Forging
22:19 Bow Saw
25:24 Gold Mining
25:17 Horse Collar
31:35 Imperial Age
29:48 Wheelbarrow
29:39 Bloodlines
29:30 Husbandry
31:08 Chain Barding Armor
31:24 Iron Casting
31:59 Iron Casting
31:52 Cavalier
33:27 Plate Barding Armor
34:42 Blast Furnace
34:16 Heavy Scorpion
37:06 Hand Cart
37:29 Gold Shaft Mining
39:05 Conscription
39:00 Loom
41:42 Chemistry
40:35 Heavy Camel Rider
47:19 Ballistics
51:41 Light Cavalry
Connection lost

Rejoining the realm…

Still unreachable

The connection could not be restored.

Session expired

The server has moved on; the page needs a fresh start.